 Dungeon Crawl Stone Soup version 0.28-a0-973-ga7f8b01127 (webtiles) character file.

Game seed: 12896109662418017801

344224 Strat the Slayer (level 22, -7/135 HPs)
             Began as a Vine Stalker Brigand on Nov 30, 2021.
             Was the Champion of Nemelex Xobeh.
             Mangled by a salamander (9 damage)
             ... while paralysed by a floating eye
             ... on level 1 of the Depths on Dec 1, 2021.
             The game lasted 01:57:32 (42061 turns).

Strat the Slayer (Vine Stalker Brigand)            Turns: 42061, Time: 01:57:33

Health: -7/135     AC: 23    Str: 24    XL:     22   Next: 7%
Magic:  0/35       EV:  2    Int: 16    God:    Nemelex Xobeh [******]
Gold:   1411       SH:  0    Dex: 20    Spells: 16/21 levels left

rFire   . . .      SeeInvis .   a - +2 dagger (elec)
rCold   + . .      Faith    .   n - +2 kite shield {rPois}
rNeg    + . .      Spirit   +   G - +1 scale mail {rF+}
rPois   +          Reflect  .   q - +2 helmet {Int+3}
rElec   +          Harm     .   l - +2 cloak {Will+}
rCorr   .          Rampage  +   h - +2 pair of gloves {Dex+3}
Will    ++++.                   T - +2 pair of boots {rampage}
Stlth   ++++++....              m - amulet of the acrobat
HPRegen 1.12/turn               F - ring "Xaol Doa" {rPois rF- rN+ Will+ Slay+6}
MPRegen 0.24/turn               z - ring "Toleummiosh" {rElec rC+ EV+4 Int+2 Stlth+}

@: paralysed, studying 3 skills
A: fangs 3, regeneration 1, magic shield, antimagic bite, no potion heal 2
}: 2/15 runes: serpentine, barnacled
a: Renounce Religion, Draw Escape, Draw Destruction, Draw Summoning, Triple
Draw, Deal Four, Stack Five


You were on level 1 of the Depths.
You worshipped Nemelex Xobeh.
Nemelex Xobeh was exalted by your worship.
You visited 8 branches of the dungeon, and saw 37 of its levels.
You visited 1 bazaar.
You also visited: Gauntlet and Volcano.

You collected 3580 gold pieces.
You spent 2169 gold pieces at shops.

Inventory:

Hand Weapons
 a - a +2 dagger of electrocution (weapon)
 P - a +2 rapier of speed
 Z - a +6 double sword of holy wrath
Missiles
 b - 10 silver javelins
 d - 123 poisoned darts (quivered)
 e - 9 curare-tipped darts
 B - 5 boomerangs of dispersal
 L - 4 throwing nets
 R - 10 atropa-tipped darts
 Y - 17 javelins
Armour
 h - a +2 pair of gloves of dexterity (worn)
 l - a +2 cloak of willpower (worn)
 n - a +2 kite shield of poison resistance (worn)
 q - a +2 helmet of intelligence (worn)
 G - a +1 scale mail of fire resistance (worn)
 T - a +2 pair of boots of rampaging (worn)
Jewellery
 j - a ring of flight
 m - an amulet of the acrobat (around neck)
 z - the ring "Toleummiosh" (right hand) {rElec rC+ EV+4 Int+2 Stlth+}
   (You bought it in a shop in a bazaar)

   [ring of evasion]

   EV:        It affects your evasion (+4).
   Int:       It affects your intelligence (+2).
   rC:        It protects you from cold.
   rElec:     It insulates you from electricity.
   Stlth:     It makes you more stealthy.
 A - a +4 ring of protection
 F - the ring "Xaol Doa" (left hand) {rPois rF- rN+ Will+ Slay+6}
   (You found it in a Gauntlet)

   [ring of positive energy]

   Slay:      It affects your accuracy & damage with ranged weapons and melee
   (+6).
   rF:        It makes you vulnerable to fire.
   rPois:     It protects you from poison.
   rN:        It protects you from negative energy.
   Will:      It increases your willpower.
 M - an amulet of regeneration
 V - the ring of the Endless Expanse {Fly rElec Will+ Dex-2 SInv}
   (You found it on level 1 of the Shoals)

   [ring of willpower]

   Dex:       It affects your dexterity (-2).
   rElec:     It insulates you from electricity.
   SInv:      It lets you see invisible.
   Fly:       It grants you flight.
   Will:      It increases your willpower.
 X - a ring of resist corrosion
Wands
 r - a wand of polymorph (15)
 s - a wand of charming (11)
 t - a wand of flame (58)
 w - a wand of iceblast (34)
 E - a wand of paralysis (4)
 H - a wand of acid (26)
 J - a wand of mindburst (28)
 N - a wand of digging (7)
Scrolls
 c - 4 scrolls of blinking
 g - 5 scrolls of fog
 p - 5 scrolls of enchant armour
 u - 6 scrolls of enchant weapon
 C - a scroll of identify
 I - 2 scrolls of summoning
 K - 15 scrolls of teleportation
 W - 2 scrolls of fear
Potions
 f - 7 potions of curing
 k - 8 potions of lignification
 o - 10 potions of flight
 v - a potion of magic
 x - 2 potions of invisibility
 D - a potion of haste
 O - 17 potions of ambrosia
 Q - 4 potions of mutation
 S - 2 potions of might
 U - 4 potions of cancellation
Miscellaneous
 i - a condenser vane
 y - a phantom mirror


   Skills:
 + Level 21.1 Fighting
 - Level 10.0 Short Blades
 - Level 6.0 Throwing
 - Level 10.0 Armour
 - Level 10.0 Dodging
 - Level 15.0 Stealth
 - Level 15.0 Shields
 - Level 5.0 Translocations
 + Level 17.7 Invocations


You had 16 spell levels left.
You knew the following spells:

 Your Spells              Type           Power      Damage    Failure   Level
a - Blink                 Tloc           32%        N/A       10%         2
b - Lesser Beckoning      Tloc           16%        N/A       21%         3

Your spell library contained the following spells:

 Spells                   Type           Power      Damage    Failure   Level
 Pain                     Necr           0%         1d4       45%         1
 Sandblast                Erth           0%         2d4       45%         1
 Slow                     Hex            0%         N/A       45%         1
 Corpse Rot               Necr/Air       0%         N/A       61%         2
 Passwall                 Tmut/Erth      0%         N/A       61%         2
 Poisonous Vapours        Pois/Air       0%         N/A       61%         2
 Static Discharge         Conj/Air       0%         N/A       61%         2
 Sublimation of Blood     Necr           0%         N/A       61%         2
 Confusing Touch          Hex            0%         N/A       83%         3
 Conjure Flame            Conj/Fire      0%         6-21      83%         3
 Dazzling Flash           Conj/Hex       0%         N/A       83%         3
 Frozen Ramparts          Ice            0%         1d2       83%         3
 Ignite Poison            Fire/Tmut/Pois 0%         N/A       83%         3
 Mephitic Cloud           Conj/Pois/Air  0%         N/A       83%         3
 Ozocubu's Armour         Ice            0%         N/A       83%         3
 Stone Arrow              Conj/Erth      0%         3d7       83%         3
 Summon Guardian Golem    Hex/Summ       0%         N/A       83%         3
 Iskenderun's Mystic Bla  Conj/Tloc      8%         2d4       88%         4
 Manifold Assault         Tloc           16%        N/A       88%         5
 Airstrike                Air            0%         N/A       99%         4
 Animate Armour           Summ/Erth      0%         N/A       99%         4
 Animate Dead             Necr           0%         N/A       99%         4
 Cause Fear               Hex            0%         N/A       99%         4
 Hailstorm                Conj/Ice       0%         3d3       99%         4
 Ice Form                 Ice/Tmut       0%         N/A       99%         4
 Petrify                  Tmut/Erth      0%         N/A       99%         4
 Sticky Flame             Conj/Fire      0%         2d3       99%         4
 Summon Ice Beast         Ice/Summ       0%         N/A       99%         4
 Summon Lightning Spire   Summ/Air       0%         N/A       99%         4
 Agony                    Necr           0%         N/A       100%        5
 Blade Hands              Tmut           0%         N/A       100%        5
 Borgnjor's Vile Clutch   Necr/Erth      0%         N/A       100%        5
 Excruciating Wounds      Necr           0%         N/A       100%        5
 Freezing Cloud           Conj/Ice/Air   0%         6-21      100%        5
 Irradiate                Conj/Tmut      0%         3d13      100%        5
 Lightning Bolt           Conj/Air       0%         1d11      100%        5
 Summon Mana Viper        Hex/Summ       0%         N/A       100%        5
 Yara's Violent Unravell  Hex/Tmut       0%         3d3       100%        5
 Death Channel            Necr           0%         N/A       100%        6
 Iron Shot                Conj/Erth      0%         9d1       100%        6
 Simulacrum               Ice/Necr       0%         N/A       100%        6
 Starburst                Conj/Fire      0%         6d3       100%        6
 Dragon Form              Tmut           0%         N/A       100%        7
 Haunt                    Necr/Summ      0%         N/A       100%        7
 Monstrous Menagerie      Summ           0%         N/A       100%        7
 Orb of Destruction       Conj           0%         N/A       100%        7
 Ozocubu's Refrigeration  Ice            0%         4d5       100%        7
 Spellforged Servitor     Conj/Summ      0%         N/A       100%        7
 Maxwell's Capacitive Co  Air            0%         ∞         100%        8
 Dragon's Call            Summ           0%         N/A       100%        9
 Polar Vortex             Ice            0%         N/A       100%        9


Dungeon Overview and Level Annotations

Branches:
Dungeon (15/15)            Temple (1/1) D:5            Lair (6/6) D:8
 Shoals (4/4) Lair:4        Snake (4/4) Lair:3        Slime (0/5) Lair:5
    Orc (2/2) D:9             Elf (0/3) Orc:2        Vaults (4/5) D:14
  Crypt (0/3) Vaults:3     Depths (1/4) D:15        Volcano (visited)
Gauntlet (visited)

Altars:
Ashenzari
Cheibriados
Dithmenos
Elyvilon
Fedhas
Gozag
Hepliaklqana
Kikubaaqudgha
Makhleb
Nemelex Xobeh
Okawaru
Qazlal
Ru
Sif Muna
Trog
Uskayaw
Vehumet
Wu Jian
Xom
Yredelemnul
Zin
The Shining One
Beogh
Jiyva

Shops:
D:7 (   D:12 *   Orc:2 ([?:[   Snake:3 !*!?

Portals:
Hell: Depths:1
Ziggurat: Depths:1
Trove: Vaults:2 (give +6 demon blade)

Annotations:
D:8 3 runed translucent doors, exclusion: ice statue
Lair:5 1 runed translucent door


Innate Abilities, Weirdness & Mutations

You have razor-sharp teeth.
Your natural rate of healing is unusually fast.
When hurt, damage is shared between your health and your magic reserves.
Your bite disrupts and absorbs the magic of your enemies.
Potions cannot restore your health.


Message History

You block the salamander's attack.
Things that are here:
a +0 quarterstaff; a +0 robe; a salamander corpse You rampage towards the salamander!
You hit the salamander.
The salamander is heavily wounded.
You block the salamander's attack.
You puncture the salamander! Your bite misses the salamander.
The salamander is severely wounded.
You hit the salamander.
The salamander is severely wounded.
The salamander hits you with a +0 halberd!
* * * LOW HITPOINT WARNING * * *
You are engulfed in flames!
* * * LOW HITPOINT WARNING * * *
You hit the salamander but do no damage.
You bite the salamander. You drain its power.
You feel invigorated.
The salamander is almost dead.
You block the salamander's attack.
You hit the salamander. You bite the salamander. You drain its power.
You feel invigorated.
The salamander is almost dead.
The salamander hits you with a +0 halberd.
* * * LOW HITPOINT WARNING * * *
You are engulfed in flames!
* * * LOW HITPOINT WARNING * * *
You barely miss the salamander. You bite the salamander.
You kill the salamander!
You block the salamander's attack. You block the salamander's attack.
Things that are here:
a +0 quarterstaff; a +0 robe; a salamander corpse The floating eye gazes piercingly through you!
You suddenly lose the ability to move!
The salamander hits you from afar with a +0 halberd!
* * * LOW HITPOINT WARNING * * *
You are engulfed in flames!
* * * LOW HITPOINT WARNING * * *
The salamander hits you from afar with a +0 halberd!
You die...
Your body glows with a rainbow of weird colours and disappears.

....# #.#######.##...... #§≈§§§
....# #....[.[.....#... #≈§§§≈
....############..#####.####.≈≈#≈
..................#...#...§..≈≈≈≈
....###########..##GG.##..##N#§§§
....'..........#..#..G#... #.#≈≈≈
....##########.#..#####.####N#≈≈§
...............#.#..#..# #.23Nh#.
################@##...## #..#3.#.
...#.. #.###.#####.###R#. ##.#.#
#.N.)....... #G.. ##.#.#
######...h##...##. ##.#.#
..##...3N..# ##.#.# # ....G...3
##.#'###### N..G.N.. ##........#
.......N ##..<.....# ...≈≈≈R2


You could see a great orb of eyes and a salamander (fast).

Vanquished Creatures
  Vashnia (Snake:2)
  Nikola (Snake:2)
  Asterion (Snake:1)
  Polyphemus (Shoals:2)
  4 sphinxes
  Donald (Snake:2)
  5 nagarajas
  3 orc warlords (Vaults:2)
  A ghost moth (Vaults:4)
  16 vault wardens
  A frost giant (Depths:1)
  12 ironbound preservers
  14 very ugly things
  A war gargoyle (Vaults:3)
  2 stone giants (Depths:1)
  A vampire knight (Vaults:3)
  Nessos (Lair:6)
  A deep elf demonologist (Vaults:2)
  10 dire elephants
  3 minotaurs
  An entropy weaver (Vaults:4)
  A deep elf death mage (Vaults:3)
  A crystal guardian (Vaults:2)
  2 ettins
  An eleionoma (D:12)
  5 great orbs of eyes
  2 merfolk javelineers (Shoals:2)
  7 merfolk impalers
  14 vault guards
  Harold (D:9)
  7 yaktaur captains
  2 rakshasas (D:14)
  A peacekeeper (Vaults:2)
  Josephine (D:12)
  A hell beast (Depths:1)
  18 naga warriors
  4 salamander tyrants
  7 hydras
  7 ironbound thunderhulks
  5 boulder beetles
  A merfolk avatar (Shoals:4)
  12 ironbound frosthearts
  An ogre mage (D:15)
  9 anacondas
  4 alligator snapping turtles
  A catoblepas (Shoals:2)
  8 satyrs (Shoals:4)
  An alligator (Shoals:2)
  8 two-headed ogres
  17 centaur warriors
  A merfolk aquamancer (Shoals:4)
  2 deep troll shamans (Depths:1)
  2 vampire magi (Vaults:3)
  5 shock serpents
  2 deep troll earth magi (Depths:1)
  A hell knight (Volcano)
  18 death yaks
  An orc high priest (Orc:2)
  12 naga sharpshooters
  A soul eater (Gauntlet)
  Nergalle (D:10)
  2 sun demons (Depths:1)
  7 salamander mystics
  4 goliath frogs
  4 iron trolls (Depths:1)
  7 skeletal warriors
  12 sea snakes
  50 deep trolls
  3 glowing orange brains
  3 phantasmal warriors
  Pikel (D:6)
  8 lindwurms
  15 wizards
  13 ironbound convokers
  2 harpies
  A necromancer (D:15)
  5 deep elf pyromancers
  7 naga ritualists
  A wolf spider zombie (D:15)
  37 ugly things
  7 mana vipers
  11 orc knights
  3 orc sorcerers
  13 manticores
  12 cyclopes
  15 salamanders
  38 black mambas
  3 fauns
  3 centaur zombies
  14 elephants
  2 guardian serpents
  9 merfolk sirens
  3 molten gargoyles (Volcano)
  Maggie (D:6)
  13 vault sentinels
  15 naga magi
  2 water nymphs
  23 cane toads
  4 gargoyles
  A minotaur zombie (Gauntlet)
  An efreet (Volcano)
  11 komodo dragons
  A yaktaur (shapeshifter) (D:14)
  2 tengu conjurers (Depths:1)
  29 yaktaurs
  A rime drake (Lair:5)
  2 kobold demonologists (D:14)
  A spectral naga (Snake:1)
  24 merfolk
  4 meliai
  A meliai (shapeshifter) (D:13)
  4 polar bears
  A queen bee (shapeshifter) (D:14)
  11 trolls
  2 jumping spiders
  A queen bee (D:15)
  3 wind drakes
  5 tyrant leeches
  50 blink frogs
  A hornet (D:9)
  Prince Ribbit (D:6)
  30 dream sheep
  34 slime creatures
  10 snapping turtles
  2 shadows
  2 redbacks (Vaults:4)
  4 water elementals
  8 wraiths
  A tarantella (Vaults:4)
  4 wyverns
  32 yaks
  Sigmund (D:6)
  A tarantella (shapeshifter) (D:14)
  A basilisk (shapeshifter) (D:14)
  Eustachio (D:6)
  A steam dragon (D:8)
  10 basilisks
  16 vampire mosquitoes
  3 wargs (Orc:2)
  35 nagas
  Duvessa (D:7)
  18 water moccasins
  A hell hound (D:15)
  3 black bears
  30 orc warriors
  A hornet zombie (D:15)
  2 ice beasts
  A sky beast (D:4)
  12 ogres
  4 centaurs
  A lemure (D:6)
  3 small abominations (Gauntlet)
  2 phantoms
  3 kobold brigands
  25 bullfrogs
  2 scorpions
  A wyvern zombie (D:7)
  A gnoll sergeant (D:6)
  A two-headed ogre simulacrum (Orc:2)
  A wyvern skeleton (D:7)
  Dowan (D:7)
  32 killer bees
  3 wights (D:10)
  7 howler monkeys
  3 electric eels (Lair:4)
  5 hounds
  23 orc priests
  2 jellies
  3 centaur skeletons
  Jessica (D:3)
  3 iguanas
  A scorpion zombie (D:5)
  27 orc wizards
  2 troll simulacra (Orc:2)
  2 spriggan simulacra (Orc:2)
  4 howler monkey zombies
  8 gnolls
  4 adders
  3 naga simulacra (Orc:2)
  5 shadow imps
  6 ufetubi
  An adder zombie (D:5)
  An adder skeleton (D:4)
  2 dart slugs
  A worm (D:2)
  112 orcs
  A bat (D:2)
  7 endoplasms
  4 giant cockroaches
  4 goblins
  10 hobgoblins
  11 kobolds
  2 quokkas
  4 ball pythons
  3 frilled lizards
  3 rats
1426 creatures vanquished.

Vanquished Creatures (collateral kills)
  Saint Roka (Orc:2)
  Jory (Vaults:2)
  Azrael (D:15)
  A yaktaur captain (Vaults:1)
  A hydra (Vaults:1)
  A vault guard (Vaults:1)
  A two-headed ogre (D:10)
  A sea snake (Shoals:2)
  An ironbound convoker (Vaults:1)
  A lindwurm (Vaults:2)
  An orc knight (Vaults:2)
  A deep elf pyromancer (D:15)
  2 manticores (Shoals:2)
  A cyclops (Vaults:2)
  A merfolk siren (Shoals:2)
  3 yaktaurs (Vaults:1)
  A fire elemental (D:15)
  2 hell hounds (D:15)
  2 orc warriors (Orc:2)
  An ogre (Orc:2)
  An orc priest (Orc:2)
  2 orcs (Orc:2)
28 creatures vanquished.

Vanquished Creatures (others)
  A hell hound (D:15)
  14 demonic plants (Gauntlet)
  41 fungi
  144 plants
  4 tentacles (Shoals:3)
204 creatures vanquished.

Grand Total: 1658 creatures vanquished

Notes
Turn   | Place    | Note
-------+----------+-------------------------------------------
     0 | D:1      | Strat the Vine Stalker Brigand began the quest for the Orb.
     0 | D:1      | Reached XP level 1. HP: 11/11 MP: 2/2
   322 | D:1      | Reached XP level 2. HP: 13/15 MP: 3/3
   759 | D:1      | Found a faded altar of an unknown god.
   769 | D:1      | Reached XP level 3. HP: 18/18 MP: 4/4
  1711 | D:3      | Gained mutation: Your natural rate of healing is unusually
                  | fast. [Vine Stalker growth]
  1711 | D:3      | Reached XP level 4. HP: 23/23 MP: 5/5
  1784 | D:3      | Noticed Jessica
  1795 | D:3      | Killed Jessica
  1796 | D:3      | Reached XP level 5. HP: 26/26 MP: 6/6
  1872 | D:3      | Noticed an ogre
  2427 | D:4      | Reached skill level 5 in Short Blades
  2494 | D:4      | Noticed an ice beast
  2650 | D:4      | Reached XP level 6. HP: 23/30 MP: 4/7
  2748 | D:4      | Found a hazy altar of Hepliaklqana.
  2756 | D:4      | Found an opulent altar of Gozag.
  2760 | D:4      | Found a stormy altar of Qazlal.
  3260 | D:5      | Entered Level 5 of the Dungeon
  3539 | D:4      | Identified a scroll of acquirement
  3539 | D:4      | Acquired an amulet of the acrobat
  3556 | D:5      | Noticed a sky beast
  3560 | D:5      | Noticed a black bear
  3592 | D:4      | Reached skill level 2 in Fighting
  3623 | D:4      | Reached skill level 3 in Fighting
  3623 | D:4      | Reached XP level 7. HP: 36/36 MP: 8/8
  3641 | D:4      | Reached skill level 4 in Fighting
  4013 | D:4      | Gained mutation: You have razor-sharp teeth. [Vine Stalker
                  | growth]
  4013 | D:4      | Reached XP level 8. HP: 35/42 MP: 9/9
  4145 | D:5      | Got Beafacwi's Catalogue of Congealing Creation
  4182 | D:5      | Found a burning altar of Makhleb.
  4383 | D:5      | Found a staircase to the Ecumenical Temple.
  4642 | Temple   | Entered the Ecumenical Temple
  4732 | Temple   | Became a worshipper of Nemelex Xobeh the Trickster
  4757 | D:6      | Found an ancient bone altar of Kikubaaqudgha.
  4761 | D:6      | Noticed Eustachio
  4770 | D:6      | Killed Eustachio
  4848 | D:6      | Noticed Maggie
  4853 | D:6      | Reached XP level 9. HP: 45/45 MP: 10/10
  4858 | D:6      | Killed Maggie
  4859 | D:6      | Reached skill level 10 in Short Blades
  4859 | D:6      | Reached skill level 1 in Armour
  5147 | D:6      | Reached skill level 5 in Fighting
  5293 | D:6      | Noticed Prince Ribbit
  5335 | D:6      | Killed Prince Ribbit
  5417 | D:6      | Noticed Pikel
  5438 | D:6      | Killed Pikel
  5439 | D:6      | Reached skill level 6 in Fighting
  5561 | D:6      | Found a sacrificial altar of Ru.
  5583 | D:6      | Noticed Sigmund
  5593 | D:6      | Killed Sigmund
  5594 | D:6      | Reached XP level 10. HP: 53/53 MP: 11/11
  5670 | D:6      | Found a broken altar of Ashenzari.
  5823 | D:7      | Found Wonenywn's Antique Weapon Shoppe.
  5856 | D:7      | Reached * piety under Nemelex Xobeh
  5932 | D:7      | Reached skill level 5 in Armour
  5934 | D:7      | Reached skill level 7 in Fighting
  6307 | D:7      | Noticed Dowan
  6308 | D:7      | Noticed Duvessa
  6326 | D:7      | Killed Duvessa
  6333 | D:7      | Killed Dowan
  6489 | D:7      | Received a gift from Nemelex Xobeh
  6709 | D:8      | Found a staircase to the Lair.
  6766 | D:8      | Reached skill level 8 in Fighting
  6851 | D:8      | Found a runed translucent gate.
  6851 | D:8      | Found a runed translucent gate.
  6851 | D:8      | Found a runed translucent gate.
  6851 | D:8      | Noticed a green ugly thing
  6851 | D:8      | Noticed a red ugly thing
  6851 | D:8      | Noticed a white ugly thing
  6851 | D:8      | Noticed a glowing orange brain
  6851 | D:8      | Noticed a purple ugly thing
  7122 | D:8      | Reached skill level 9 in Fighting
  7132 | D:8      | Noticed an ice statue
  7182 | D:8      | Found a hide-covered altar of Uskayaw.
  7528 | D:9      | Reached ** piety under Nemelex Xobeh
  7587 | D:9      | Noticed a deep elf pyromancer
  7603 | D:9      | Killed a deep elf pyromancer
  7683 | D:9      | Reached skill level 10 in Fighting
  7731 | D:9      | Noticed Harold
  7776 | D:9      | Killed Harold
  7777 | D:9      | Reached XP level 11. HP: 52/63 MP: 11/14
  8164 | D:9      | Reached skill level 5 in Invocations
  8302 | D:9      | Found a staircase to the Orcish Mines.
  8492 | D:10     | Entered Level 10 of the Dungeon
  8567 | D:10     | Found a shimmering blue altar of Sif Muna.
  8892 | D:10     | Noticed Nergalle
  8905 | D:10     | Reached *** piety under Nemelex Xobeh
  8926 | D:10     | Killed Nergalle
  8927 | D:10     | Reached skill level 1 in Dodging
  8964 | D:10     | Noticed a two-headed ogre
  8993 | D:10     | Killed a two-headed ogre
  9363 | D:10     | Noticed a two-headed ogre
  9403 | D:10     | Killed a two-headed ogre
 10161 | D:11     | Received a gift from Nemelex Xobeh
 10534 | Lair:1   | Entered Level 1 of the Lair of Beasts
 10656 | Lair:1   | Reached XP level 12. HP: 45/67 MP: 13/17
 10799 | Lair:1   | Reached **** piety under Nemelex Xobeh
 10875 | Lair:1   | Reached skill level 5 in Dodging
 11328 | Lair:1   | Received a gift from Nemelex Xobeh
 11777 | Lair:2   | Received a gift from Nemelex Xobeh
 11800 | Lair:2   | Found a gate leading to a gauntlet.
 11818 | Gauntlet | Entered a Gauntlet
 11818 | Gauntlet | Found a transporter.
 11833 | Gauntlet | Found the +6 arbalest "Damnation" {damnation}
 11833 | Gauntlet | Noticed a soul eater
 11848 | Gauntlet | Found a transporter.
 11891 | Gauntlet | Found a transporter.
 11902 | Gauntlet | Found a transporter.
 11909 | Gauntlet | Found a transporter.
 11955 | Gauntlet | Found a transporter.
 11955 | Gauntlet | Found a transporter.
 11963 | Gauntlet | Found a transporter.
 11965 | Gauntlet | Found a transporter.
 11977 | Gauntlet | Found a transporter.
 11985 | Gauntlet | Found a transporter.
 11997 | Gauntlet | Killed a soul eater
 12051 | Gauntlet | Found a transporter.
 12052 | Gauntlet | Noticed a green death
 12070 | Gauntlet | Noticed a shock serpent
 12070 | Gauntlet | a sea snake changed into a shock serpent
 12082 | Gauntlet | a shock serpent changed into a torpor snail
 12142 | Gauntlet | Found a transporter.
 12163 | Gauntlet | Found a transporter.
 12172 | Gauntlet | Noticed a minotaur
 12198 | Gauntlet | Killed a minotaur
 12275 | Gauntlet | Received a gift from Nemelex Xobeh
 12279 | Gauntlet | Identified the +2 robe "Ushruoh" {rC+ Int+4}
 12279 | Gauntlet | Identified the ring "Xaol Doa" {rPois rF- rN+ Will+ Slay+6}
 12533 | Lair:2   | Reached XP level 13. HP: 72/72 MP: 18/18
 12595 | Lair:2   | Reached ***** piety under Nemelex Xobeh
 12639 | Lair:2   | Received a gift from Nemelex Xobeh
 13186 | Lair:3   | Reached skill level 10 in Armour
 13223 | Lair:3   | Found a staircase to the Snake Pit.
 13799 | Lair:4   | Received a gift from Nemelex Xobeh
 13815 | Lair:4   | Found a staircase to the Shoals.
 14250 | Lair:4   | Received a gift from Nemelex Xobeh
 14501 | Lair:5   | Found a runed translucent door.
 14501 | Lair:5   | Found a viscous altar of Jiyva.
 14502 | Lair:5   | Found a staircase to the Slime Pits.
 14656 | Lair:5   | Received a gift from Nemelex Xobeh
 14855 | Lair:5   | Reached skill level 10 in Dodging
 14922 | Lair:5   | Reached skill level 11 in Fighting
 15088 | Lair:5   | Reached XP level 14. HP: 69/79 MP: 16/19
 15219 | Lair:5   | Reached skill level 12 in Fighting
 15489 | Lair:5   | Received a gift from Nemelex Xobeh
 15977 | Lair:5   | Reached skill level 13 in Fighting
 16287 | Lair:6   | Entered Level 6 of the Lair of Beasts
 16287 | Lair:6   | Noticed Nessos
 16293 | Lair:6   | Killed Nessos
 16679 | Lair:6   | Reached ****** piety under Nemelex Xobeh
 16714 | Lair:6   | Reached skill level 14 in Fighting
 16984 | Lair:6   | Reached XP level 15. HP: 68/88 MP: 22/22
 17077 | Lair:6   | Reached skill level 5 in Stealth
 17081 | Lair:6   | Received a gift from Nemelex Xobeh
 17703 | Orc:1    | Entered Level 1 of the Orcish Mines
 18253 | Orc:2    | Entered Level 2 of the Orcish Mines
 18313 | Orc:2    | Found Feuleoz's Magic Scroll Boutique.
 18329 | Orc:2    | Found a staircase to the Elven Halls.
 18398 | Orc:2    | Received a gift from Nemelex Xobeh
 18405 | Orc:2    | Found a dark tunnel.
 18411 | Volcano  | Entered a volcano
 18542 | Volcano  | Noticed an orb of fire
 18650 | Volcano  | Noticed an orb of fire
 18918 | Orc:2    | Found a frozen archway.
 19148 | Orc:2    | Noticed Saint Roka
 19210 | Orc:2    | Killed Saint Roka
 19211 | Orc:2    | Reached skill level 15 in Fighting
 19211 | Orc:2    | Reached skill level 10 in Stealth
 19276 | Orc:2    | Reached skill level 10 in Invocations
 19305 | Orc:2    | Learned a level 2 spell: Blink
 19309 | Orc:2    | Learned a level 3 spell: Lesser Beckoning
 19311 | Orc:2    | Found Wyghiur's Antique Weapon Shoppe.
 19353 | Orc:2    | Received a gift from Nemelex Xobeh
 19561 | Orc:2    | Found Terubb's Armour Boutique.
 19805 | Orc:2    | Found Laf Gudepant's Book Shop.
 19894 | Orc:2    | Found Vitsinn's Antique Armour Emporium.
 19909 | Orc:2    | Bought a glowing kite shield for 210 gold pieces
 20136 | Orc:2    | Bought a +2 helmet of intelligence for 365 gold pieces
 20290 | D:12     | Found Zin's Purification Station.
 20290 | D:12     | Found a glowing silver altar of Zin.
 20297 | D:12     | Noticed Josephine
 20299 | D:12     | Reached skill level 1 in Shields
 20311 | D:12     | Killed Josephine
 20474 | D:12     | Received a gift from Nemelex Xobeh
 20512 | D:12     | Noticed Sonja
 20514 | D:12     | Noticed Sonja
 20514 | D:12     | Sonja changed into Sonja the black bear
 20539 | D:12     | Killed Sonja the black bear
 20543 | D:12     | Found the +6 shillelagh "Devastator" {shatter}
 20884 | D:12     | Received a gift from Nemelex Xobeh
 21142 | D:13     | Reached skill level 5 in Shields
 21487 | D:13     | Reached XP level 16. HP: 89/95 MP: 24/24
 22544 | D:14     | Found a gate to the Vaults.
 22663 | D:14     | Received a gift from Nemelex Xobeh
 22773 | D:15     | Entered Level 15 of the Dungeon
 23164 | D:15     | Received a gift from Nemelex Xobeh
 23233 | D:15     | Noticed Azrael
 23258 | D:15     | Killed Azrael
 23458 | D:15     | Reached skill level 10 in Shields
 23504 | D:15     | Found a staircase to the Depths.
 24376 | Snake:1  | Entered Level 1 of the Snake Pit
 24554 | Snake:1  | Received a gift from Nemelex Xobeh
 24564 | Snake:1  | Reached XP level 17. HP: 99/99 MP: 25/25
 24962 | Snake:1  | Received a gift from Nemelex Xobeh
 24979 | Snake:1  | Noticed Asterion
 24994 | Snake:1  | Killed Asterion
 25590 | Snake:1  | Received a gift from Nemelex Xobeh
 25819 | Snake:2  | Noticed Vashnia
 25835 | Snake:2  | Killed Vashnia
 26244 | Snake:2  | Noticed Donald
 26255 | Snake:2  | Killed Donald
 26298 | Snake:2  | Received a gift from Nemelex Xobeh
 26364 | Snake:2  | Noticed Nikola
 26382 | Snake:2  | Killed Nikola
 26961 | Snake:3  | Received a gift from Nemelex Xobeh
 27027 | Snake:3  | Found Yloharuto's Distillery.
 27027 | Snake:3  | Found Cauc's Assorted Antiques.
 27028 | Snake:3  | Found Xuina's Distillery.
 27029 | Snake:3  | Found Qanosull's Magic Scroll Emporium.
 27046 | Snake:3  | Bought 2 potions of might for 144 gold pieces
 27049 | Snake:3  | Bought a scroll of enchant weapon for 97 gold pieces
 27049 | Snake:3  | Bought a scroll of teleportation for 39 gold pieces
 27049 | Snake:3  | Bought a scroll of teleportation for 39 gold pieces
 27049 | Snake:3  | Bought a scroll of blinking for 97 gold pieces
 27049 | Snake:3  | Bought 2 scrolls of blinking for 195 gold pieces
 27052 | Snake:3  | Bought a wavering ruby amulet for 215 gold pieces
 27052 | Snake:3  | Identified the amulet of Compassion {RegenMP +Inv rC- Will-
                  | Dex+9} (You bought it in a shop on level 3 of the Snake
                  | Pit)
 27306 | Snake:3  | Reached skill level 15 in Shields
 27598 | Snake:3  | Received a gift from Nemelex Xobeh
 28132 | Snake:4  | Entered Level 4 of the Snake Pit
 28132 | Snake:4  | Received a gift from Nemelex Xobeh
 28346 | Snake:4  | Received a gift from Nemelex Xobeh
 28747 | Snake:4  | Reached XP level 18. HP: 90/105 MP: 22/27
 29191 | Snake:4  | Reached skill level 16 in Fighting
 29478 | Snake:4  | Received a gift from Nemelex Xobeh
 29706 | Snake:4  | Got a serpentine rune of Zot
 30012 | Shoals:1 | Entered Level 1 of the Shoals
 30022 | Shoals:1 | Found a flickering gateway to a bazaar.
 30035 | Bazaar   | Entered a bazaar
 30039 | Bazaar   | Found Otzir's Jewellery Emporium.
 30050 | Bazaar   | Found Inycwok's Armour Shop.
 30078 | Bazaar   | Found Xisuli Olye's Antique Armour Shop.
 30087 | Bazaar   | Found Inkybun's Jewellery Emporium.
 30095 | Bazaar   | Bought the ring "Toleummiosh" {rElec rC+ EV+4 Int+2 Stlth+}
                  | for 768 gold pieces
 30222 | Shoals:1 | Received a gift from Nemelex Xobeh
 30367 | Shoals:1 | Identified the +1 great sword of Hexuazat {flame, rC+++
                  | Will+ Str+2}
 30389 | Shoals:1 | Identified the ring of the Endless Expanse {Fly rElec Will+
                  | Dex-2 SInv}
 30733 | Shoals:1 | Received a gift from Nemelex Xobeh
 31199 | Shoals:2 | Received a gift from Nemelex Xobeh
 31443 | Shoals:2 | Noticed Polyphemus
 31470 | Shoals:2 | Killed Polyphemus
 31915 | Shoals:2 | Reached skill level 17 in Fighting
 32541 | Shoals:3 | Received a gift from Nemelex Xobeh
 32594 | Shoals:3 | Reached XP level 19. HP: 56/112 MP: 30/30
 33033 | Shoals:4 | Entered Level 4 of the Shoals
 33034 | Shoals:4 | Received a gift from Nemelex Xobeh
 33163 | Shoals:4 | Got a barnacled rune of Zot
 33678 | Shoals:4 | Identified the +0 whip "Dunotai" {venom, rC+}
 34154 | Vaults:1 | Entered Level 1 of the Vaults
 34171 | Vaults:1 | Received a gift from Nemelex Xobeh
 34269 | Vaults:1 | Upgraded the game from 0.28-a0-957-g42eb19b844 to
                  | 0.28-a0-973-ga7f8b01127
 34776 | Vaults:1 | Reached skill level 18 in Fighting
 34951 | Vaults:1 | Reached skill level 15 in Invocations
 35008 | Vaults:1 | Received a gift from Nemelex Xobeh
 35094 | Vaults:1 | Reached skill level 1 in Translocations
 35499 | Vaults:1 | Reached XP level 20. HP: 116/120 MP: 32/32
 36103 | Vaults:2 | Reached skill level 5 in Translocations
 36130 | Vaults:2 | Received a gift from Nemelex Xobeh
 36163 | Vaults:2 | Found a portal to a secret trove of treasure.
 36214 | Vaults:2 | Found Loysoapo's Antique Weapon Boutique.
 36376 | Vaults:2 | Reached skill level 5 in Throwing
 36426 | Vaults:2 | Noticed Jory
 36645 | Vaults:2 | Killed Jory
 36650 | Vaults:2 | Reached skill level 19 in Fighting
 37122 | Vaults:2 | Received a gift from Nemelex Xobeh
 38076 | Vaults:3 | Reached XP level 21. HP: 127/127 MP: 33/33
 38101 | Vaults:3 | Reached skill level 15 in Stealth
 38464 | Vaults:3 | Received a gift from Nemelex Xobeh
 38778 | Vaults:3 | Reached skill level 20 in Fighting
 39107 | Vaults:3 | Received a gift from Nemelex Xobeh
 39193 | Vaults:3 | Found a staircase to the Crypt.
 39550 | Vaults:4 | Received a gift from Nemelex Xobeh
 40463 | Vaults:4 | Received a gift from Nemelex Xobeh
 41518 | Depths:1 | Entered Level 1 of the Depths
 41716 | Depths:1 | Found a gateway to a ziggurat.
 41797 | Depths:1 | Reached skill level 21 in Fighting
 41804 | Depths:1 | Reached XP level 22. HP: 114/135 MP: 32/35
 41854 | Depths:1 | Found an iron altar of Okawaru.
 41854 | Depths:1 | Received a gift from Nemelex Xobeh
 41997 | Depths:1 | Found a gateway to Hell.
 42032 | Depths:1 | Paralysed by a floating eye for 3 turns
 42060 | Depths:1 | Paralysed by a floating eye for 2 turns
 42060 | Depths:1 | HP: 1/135 [salamander (9)]
 42061 | Depths:1 | Mangled by a salamander

Illustrated notes

Levels and vault maps discovered:
D:1:      matt_arrival_diagonals, layout_rooms,
          shapermc_ecumenical_altar_notcrosses, st_stairs_7
D:2:      layout_basic
D:3:      layout_rooms, minmay_misc_feat_enclosed, chequers_avenue,
          roderic_serpentine_path, chequers_serial_rivers_room_a,
          grunt_ministairs_8, kennysheep_generic_room_6, uniq_jessica
D:4:      layout_gridville, minitemple, due_unseen_surprise
D:5:      layout_cave_pools, mainiacjoe_overflow_brackets,
          minmay_temple_entry_grid
D:6:      layout_basic, mainiacjoe_overflow_tiny_flanked,
          mainiacjoe_overflow_alcove_2, kennysheep_mini, uniq_prince_ribbit1,
          uniq_maggie, uniq_pikel, uniq_eustachio, uniq_sigmund
D:7:      layout_loops_corners, serial_shops, nicolae_shop_statue_plus,
          minmay_misc_feat_tiny, uniq_duvessa
D:8:      minmay_statue_hallways, layout_loops_ring,
          nicolae_uskayaw_murder_on_the_dancefloor,
          ploomutoo_gammafunk_ghost_potion_laboratory
D:9:      layout_long_grid, hiddenorc2_lemuel, uniq_harold
D:10:     layout_layer_cave, nicolae_sif_muna_little_library,
          kennysheep_generic_room_14, uniq_nergalle
D:11:     layout_cave_pods, grunt_ministairs_13
D:12:     minmay_roctagon, layout_loops_cross, chequers_serial_rivers_large_b,
          minmay_liquid_box, grunt_ministairs_1, zin_purify, uniq_josephine,
          uniq_sonja
D:13:     layout_roguey, minmay_microvault
D:14:     layout_loops_ring, david_vaults_2, nrook_campfire, nicolae_burly_brawl
D:15:     grunt_enter_depths_magical_seal, layout_long_grid, special_room
          [special_room_bee], uniq_azrael
Temple:   nicolae_temple_god_jail
Lair:1:   layout_cave_pods
Lair:2:   wander_river, layout_hall_layers, gauntlet_entry_generic,
          serial_bayou_shore_b
Lair:3:   layout_loops_ring, guppyfry_snake_entry_island
Lair:4:   layout_gridlike, elwin_shoals_entry_rocks, lemuel_fruit_tree
Lair:5:   layout_cave_pods, slime_altar_2
Lair:6:   minmay_lair_end_frog_pond, layout_loops_ring, uniq_nessos
Shoals:1: layout_shoals, serial_shops, bzr_entry_lakeside,
          nicolae_shoals_so_close
Shoals:2: layout_shoals, nicolae_shoals_goliath_grotto, uniq_polyphemus
Shoals:3: layout_shoals
Shoals:4: shoals_end_hellmonk_lost_city
Snake:1:  layout_honeycomb, nicolae_snake_gridmaze_waves,
          nicolae_snake_ghostly_warrior_ritual, uniq_asterion
Snake:2:  layout_layer_cave, uniq_nikola, uniq_donald, uniq_vashnia
Snake:3:  layout_cave_town, minmay_shoptagon
Snake:4:  minmay_snake_end_coiled, layout_cave_shapes,
          nicolae_snake_gridmaze_big_u, serial_bayou_shore_b
Orc:1:    layout_diamond_mine, basic_altar
Orc:2:    grunt_orc_community_town_hall, layout_caves,
          grunt_orc_community_big_house_1, grunt_orc_community_big_house_1,
          grunt_orc_community_house_2, grunt_orc_community_house_1,
          grunt_orc_community_house_1, grunt_orc_community_house_2,
          portal_ice_cave_entry_ice_simulacra, serial_shops, shop_statue,
          nicolae_volcano_entry_s_turn
Vaults:1: serial_ice_h, hangedman_vaults_snaps, v_alt_pattern_4,
          hangedman_vaults_stitches, vaults_standard_mumra_x,
          hangedman_vaults_locks, nicolae_vaults_network_star, vaults_dpeg_ring,
          vaults_room_corners, v_misc_13, hangedman_vaults_stretched_pinwheel,
          ontoclasm_vaults_loading_screen, nicolae_vaults_rhombus_6,
          layout_vaults_ring, serial_shops
Vaults:2: hangedman_vaults_hat, vaults_room_door_hall,
          nicolae_vaults_little_squares_3, v_misc_14,
          nicolae_vaults_bisected_inception, v_misc_25, vaults_room_ringed_pool,
          vaults_room_boxed, nicolae_vaults_mini_display_case,
          grunt_vaults_hallway_short, ontoclasm_vaults_loading_screen,
          vaults_dpeg_hooks, layout_vaults_maze_snakey,
          nicolae_trove_entry_isolated, serial_shops, shop, uniq_jory
Vaults:3: minmay_crypt_entry_simple_plaza, vaults_dpeg_encased_lava,
          grunt_vaults_hallway_short, nicolae_vaults_network_periphery,
          vaults_mumra_hexcomb, st_smaller_cells, hangedman_vaults_slice,
          hangedman_vaults_stagger, v_alt_pattern_4, v_misc_1, v_rooms_6,
          nicolae_vaults_little_squares_1, nicolae_vaults_ring_of_whatevers,
          v_misc_24, vaults_room_pool, vaults_dpeg_diagonal,
          layout_vaults_big_cross
Vaults:4: v_misc_30, st_diamondy, v_rooms_6, v_misc_18,
          nicolae_vaults_little_squares_5, hangedman_vaults_stretched_pinwheel,
          v_alt_pattern_3, vaults_room_fours, layout_vaults_chaotic_city
Depths:1: layout_basic, enter_ziggurat_d, nicolae_hell_entry_hellmouth_sunbeams,
          minmay_misc_feat_rugged, abyss_entry_small_statue_room,
          okawaru_trees_1, uniq_saint_roka

Skill      XL: |  1  2  3  4  5  6  7  8  9 10 11 12 13 14 15 16 17 18 19 20 21 |
---------------+----------------------------------------------------------------+-----
Short Blades   | 2 3 4 5 6 7 9 10 | 10.0
Fighting       | 3 4 6 10 11 14 15 17 18 19 21 | 21.1
Armour         | 4 5 6 9 10 | 10.0
Invocations    | 3 6 8 10 13 15 17 | 17.7
Dodging        | 4 7 10 | 10.0
Stealth        | 10 11 13 14 15 | 15.0
Shields        | 5 12 15 | 15.0
Translocations | 3 5 |  5.0
Throwing       | 2 6 |  6.0

Action                   |  1- 3 |  4- 6 |  7- 9 | 10-12 | 13-15 | 16-18 | 19-21 | 22-24 || total
-------------------------+-------+-------+-------+-------+-------+-------+-------+-------++-------
Melee: Dagger            |   106 |     3 |       |   836 |  1590 |  1786 |  2132 |    70 ||  6523
       Bite              |    20 |    14 |    71 |   394 |   730 |   893 |  1256 |    42 ||  3420
       Rapier            |       |    33 |   180 |    80 |       |       |       |       ||   293
 Fire: Hunting sling     |     1 |    44 |    54 |       |       |       |       |       ||    99
Throw: Dart              |     1 |     7 |    10 |     4 |       |     4 |       |       ||    26
Invok: Draw Summoning    |       |       |       |     1 |     4 |     7 |    16 |       ||    28
       Draw Destruction  |       |       |       |       |    12 |    38 |     8 |     4 ||    62
       Draw Escape       |       |       |       |       |       |     3 |       |       ||     3
Evoke: Wand              |       |     1 |    13 |     1 |     2 |       |     2 |       ||    19
       Condenser vane    |       |       |       |       |     1 |       |       |       ||     1
  Use: Scroll            |       |     9 |       |    11 |     6 |     8 |     4 |     1 ||    39
       Potion            |       |       |       |     2 |     2 |     1 |     2 |     1 ||     8
 Stab: Sleeping          |     6 |       |       |     2 |     7 |    23 |    41 |       ||    79
       Paralysed         |       |       |     6 |       |       |       |       |       ||     6
       Distracted        |       |       |       |     1 |     2 |     9 |    11 |       ||    23
       Petrified         |       |       |       |       |       |     1 |       |       ||     1
Armor: Robe              |    19 |       |       |       |       |       |       |       ||    19
       Ring mail         |       |     8 |    51 |       |       |       |       |       ||    59
       Scale mail        |       |       |    23 |   312 |   406 |   280 |   267 |    11 ||  1299
Dodge: Dodged            |    56 |    17 |    97 |   361 |   734 |   635 |   624 |    16 ||  2540
Block: Kite shield       |       |       |       |       |       |   650 |   977 |    34 ||  1661

Table legend: (Time is in decaauts)
 A = Elapsed time spent in this place.
 B = Non-inter-level travel time spent in this place.
 C = Inter-level travel time spent in this place.
 D = Time resting spent in this place.
 E = Time spent auto-exploring this place.
 F = Levels seen in this place.
 G = Mean time per level.
                   A        B        C        D        E       F      G
               +--------+--------+--------+--------+--------+-----+--------+
         Total |  39240 |  36633 |   2607 |   2256 |  23166 |  40 |  981.0 |
       Dungeon |  14195 |  12886 |   1309 |    617 |   9091 |  15 |  946.3 |
        Temple |     99 |     79 |     20 |      0 |     24 |   1 |   99.0 |
          Lair |   6301 |   5888 |    413 |    223 |   4116 |   6 | 1050.2 |
        Shoals |   3790 |   3499 |    291 |    257 |   1823 |   4 |  947.5 |
     Snake Pit |   5168 |   5035 |    133 |    399 |   3354 |   4 | 1292.0 |
  Orcish Mines |   1820 |   1721 |     99 |     17 |   1023 |   2 |  910.0 |
        Vaults |   6437 |   6098 |    339 |    620 |   3397 |   4 | 1609.2 |
        Depths |    463 |    463 |      0 |     30 |    181 |   1 |  463.0 |
        Bazaar |     84 |     84 |      0 |      0 |     55 |   1 |   84.0 |
       Volcano |    424 |    424 |      0 |     20 |     86 |   1 |  424.0 |
      Gauntlet |    455 |    455 |      0 |     72 |     14 |   1 |  455.0 |
               +--------+--------+--------+--------+--------+-----+--------+

Top non-repeatable levels by time:
Vaults:4: 1740 daAuts
Vaults:3: 1723 daAuts
 Snake:4: 1578 daAuts
Vaults:2: 1557 daAuts
  Lair:5: 1457 daAuts
Vaults:1: 1416 daAuts
     D:4: 1311 daAuts
   Orc:2: 1300 daAuts
Shoals:2: 1282 daAuts
    D:10: 1273 daAuts
 Snake:2: 1237 daAuts
  Lair:1: 1232 daAuts
    D:15: 1231 daAuts
 Snake:1: 1201 daAuts
 Snake:3: 1151 daAuts
